 Dungeon Crawl Stone Soup version 0.30-a0-322-g102857c (webtiles) character file.

Game seed: 17842670411879429237

2051 PublicAnimeNo1 the Trooper (level 9, -9/72 HPs)
             Began as a Demonspawn Cinder Acolyte on Oct 27, 2022.
             Was an Initiate of Kikubaaqudgha.
             Mangled by a fire elemental (12 damage)
             ... created by the fiery vengeance of Ignis
             ... on level 8 of the Dungeon.
             The game lasted 00:16:00 (7567 turns).

PublicAnimeNo1 the Trooper (DsCA)                   Turns: 7567, Time: 00:16:00

Health: -9/72      AC:  3    Str: 15    XL:     9   Next: 4%
Magic:  15/15      EV: 11    Int: 17    God:    Kikubaaqudgha [......]
Gold:   365        SH: 11    Dex: 11    Spells: 14/16 levels left

rFire   . . .      SeeInvis .    t - +3 dagger (venom)
rCold   . . .      Faith    .    h - +1 buckler
rNeg    . . .      Spirit   .    b - +0 robe
rPois   .          Reflect  .    (no helmet)
rElec   .          Harm     .    (no cloak)
rCorr   .          Rampage  .    d - +0 pair of gloves
Will    .....                    (no boots)
Stlth   +++.......               (no amulet)
HPRegen 0.32/turn                (no ring)
MPRegen 0.14/turn                (no ring)

@: mighty, fire susceptible
A: large bone plates 2, powered by death 1, spiny 1, weakness stinger 1
a: Renounce Religion


You were on level 8 of the Dungeon.
You worshipped Kikubaaqudgha.
Kikubaaqudgha was noncommittal.
You visited 2 branches of the dungeon, and saw 9 of its levels.

You collected 365 gold pieces.

Inventory:

Hand Weapons
 a - a -1 mace of flaming
 t - a +3 dagger of venom (weapon)
Armour
 b - a +0 robe (worn)
 d - a +0 pair of gloves (worn)
 h - a +1 buckler (worn)
 B - a +0 pair of boots
Jewellery
 q - an amulet of magic regeneration
 z - a ring of ice
Scrolls
 e - a scroll of enchant weapon
 g - 2 scrolls of magic mapping
 i - 2 scrolls of enchant armour
 j - a scroll of teleportation
 l - 2 scrolls of immolation {unknown}
 m - 2 scrolls of poison {unknown}
 n - 2 scrolls of blinking {unknown}
 u - a scroll of acquirement {unknown}
 x - a scroll of vulnerability {unknown}
 y - a scroll of fear {unknown}
 A - a scroll of noise {unknown}
 C - 5 scrolls of identify
 D - a scroll of brand weapon {unknown}
Potions
 f - 2 potions of curing {unknown}
 k - a potion of degeneration {unknown}
 o - a potion of cancellation {unknown}
 p - 2 potions of haste {unknown}
 r - a potion of attraction {unknown}
 v - 2 potions of lignification
 w - 2 potions of mutation
 E - 2 potions of flight {unknown}
 F - 2 potions of brilliance {unknown}


   Skills:
 - Level 7.1 Fighting
 + Level 4.5 Short Blades
 - Level 2.6 Maces & Flails
 - Level 2.0 Dodging
 + Level 5.5 Stealth
 - Level 2.5 Shields
 - Level 4.0 Spellcasting
 + Level 1.1 Necromancy
 - Level 3.0 Fire Magic


You had 14 spell levels left.
You knew the following spells:

 Your Spells              Type           Power      Damage    Failure   Level
a - Scorch                Fire           26%        2d6       9%          2

Your spell library contained the following spells:

 Spells                   Type           Power      Damage    Failure   Level
 Cigotuvi's Dreadful Rot  Necr/Pois/Air  8%         N/A       26%         2
 Dispel Undead            Necr           7%         3d8       78%         4
 Death Channel            Necr           3%         N/A       100%        6


Dungeon Overview and Level Annotations

Branches:
Dungeon (8/15)             Temple (1/1) D:5
   Lair: D:8-11

Altars:
Ashenzari
Cheibriados
Dithmenos
Fedhas
Gozag
Hepliaklqana
Kikubaaqudgha
Makhleb
Okawaru
Qazlal
Ru
Sif Muna
Trog
Uskayaw
Vehumet
Wu Jian
Xom
Yredelemnul

Shops:
D:5 *

Annotations:
D:5 1 runed translucent door


Innate Abilities, Weirdness & Mutations

You are mostly covered in large bone plates. (SH +6)
You regenerate a little health from kills.
You are partially covered in sharp spines.
You have a small tail.


Message History

The fire elemental is struck by your spines.
The fire elemental hits you. The fire elemental burns you!
You bump into the rock wall.
You feel less confused.
The fire elemental completely misses you.
You block the fire elemental's attack.
The fire elemental is struck by your spines.
The fire elemental hits you. The fire elemental burns you!
The fire elemental hits you. The fire elemental burns you!
You closely miss the fire elemental.
The fire elemental is moderately damaged.
You block the fire elemental's attack. x2
You puncture the fire elemental!
The fire elemental is severely damaged.
The fire elemental hits you. The fire elemental burns you!
* * * LOW HITPOINT WARNING * * *
The fire elemental hits you. The fire elemental burns you!
* * * LOW HITPOINT WARNING * * *
You closely miss the fire elemental.
The fire elemental is severely damaged.
The fire elemental barely misses you.
The fire elemental completely misses you.
You feel much better.
The fire elemental is struck by your spines.
The fire elemental hits you. The fire elemental burns you!
* * * LOW HITPOINT WARNING * * *
The fire elemental barely misses you.
You completely miss the fire elemental.
The fire elemental is severely damaged.
The fire elemental hits you.
* * * LOW HITPOINT WARNING * * *
The fire elemental burns you!
* * * LOW HITPOINT WARNING * * *
The fire elemental closely misses you.
You completely miss the fire elemental. You tail-slap the fire elemental.
The fire elemental is almost destroyed.
The fire elemental barely misses you. The fire elemental hits you.
The fire elemental burns you!
You die...
Kikubaaqudgha rasps: "You have failed me!
Welcome... death!"

### #.# #######.#
#.......# #####
#.#####.# #.... #.#
#.# #....
#.#####.#### #....
#.E@E.#>...########.
#####.#.##....#####.
.#.#####....... .#.#
#######. .#.# #.
.#.# ## .... ##.#
...


You could see 2 fire elementals.

Vanquished Creatures
  Menkaure (D:6)
  2 water moccasins
  An ice beast (D:5)
  2 sky beasts (D:6)
  A black bear (D:7)
  An ogre (D:6)
  A phantom (D:5)
  Blork the orc (D:6)
  5 scorpions
  3 wights
  A howler monkey (D:6)
  2 jellies
  2 orc priests
  3 hounds (D:6)
  2 iguanas
  A gnoll bouda (D:5)
  3 orc wizards
  3 gnolls
  8 adders
  A shadow imp (D:7)
  2 white imps (D:7)
  5 worms
  5 dart slugs
  25 orcs
  8 ball pythons
  7 endoplasms
  A giant cockroach (D:3)
  13 goblins
  7 hobgoblins
  8 quokkas
  5 bats
  4 frilled lizards
  9 kobolds
  6 rats
149 creatures vanquished.

Vanquished Creatures (others)
  59 foxfires
59 creatures vanquished.

Grand Total: 208 creatures vanquished

Notes
Turn   | Place    | Note
-------+----------+-------------------------------------------
     0 | D:1      | PublicAnimeNo1 the Demonspawn Cinder Acolyte began the
                  | quest for the Orb.
     0 | D:1      | Reached XP level 1. HP: 18/18 MP: 2/2
    85 | D:1      | Gained mutation: You are partially covered in large bone
                  | plates. (SH +4) [demonic ancestry]
    85 | D:1      | Reached XP level 2. HP: 13/24 MP: 4/4
   114 | D:1      | Learned a level 2 spell: Scorch
   442 | D:1      | Gained mutation: You are partially covered in sharp spines.
                  | [demonic ancestry]
   442 | D:1      | Reached XP level 3. HP: 26/29 MP: 1/5
  1056 | D:2      | Found a faded altar of an unknown god.
  1289 | D:2      | Reached skill level 1 in Dodging
  1778 | D:2      | Reached XP level 4. HP: 37/37 MP: 7/7
  1930 | D:2      | Found an opulent altar of Gozag.
  2346 | D:3      | Found a stormy altar of Qazlal.
  2375 | D:3      | Reached skill level 4 in Fighting
  2433 | D:3      | Reached XP level 5. HP: 42/42 MP: 8/8
  3068 | D:4      | Reached skill level 1 in Stealth
  3068 | D:4      | Reached skill level 1 in Shields
  3272 | D:4      | Reached XP level 6. HP: 34/49 MP: 5/10
  3786 | D:5      | Entered Level 5 of the Dungeon
  4235 | D:5      | Found a staircase to the Ecumenical Temple.
  4249 | D:5      | Noticed a water moccasin
  4256 | Temple   | Entered the Ecumenical Temple
  4449 | D:5      | Killed a water moccasin
  4450 | D:5      | Reached skill level 5 in Fighting
  4450 | D:5      | Gained mutation: You regenerate a little health from kills.
                  | [demonic ancestry]
  4450 | D:5      | Reached XP level 7. HP: 52/56 MP: 10/12
  4514 | D:5      | Reached skill level 1 in Short Blades
  4565 | D:5      | Found a broken altar of Ashenzari.
  4567 | D:5      | Found a snail-covered altar of Cheibriados.
  4677 | D:5      | Found a runed translucent door.
  4856 | D:5      | Found Doaludgh's Lightly-Used Armoury.
  5591 | D:6      | Noticed Menkaure
  5598 | D:6      | Killed Menkaure
  5599 | D:6      | Gained mutation: You have a small tail. [demonic ancestry]
  5599 | D:6      | Reached XP level 8. HP: 51/64 MP: 14/14
  5686 | D:6      | Reached skill level 6 in Fighting
  5964 | D:6      | Found a shimmering blue altar of Sif Muna.
  6014 | D:6      | Found a basalt altar of Yredelemnul.
  6016 | D:6      | Found an ornate altar of the Wu Jian Council.
  6018 | D:6      | Found an iron altar of Okawaru.
  6168 | D:6      | Noticed Blork the orc
  6173 | D:6      | Killed Blork the orc
  6174 | D:6      | Reached skill level 5 in Stealth
  6268 | D:6      | Reached skill level 7 in Fighting
  6767 | Temple   | Fell from the grace of Ignis
  6767 | Temple   | Became a worshipper of Kikubaaqudgha
  7218 | D:7      | Reached skill level 1 in Necromancy
  7218 | D:7      | Gained mutation: You are mostly covered in large bone
                  | plates. (SH +6) [demonic ancestry]
  7218 | D:7      | Reached XP level 9. HP: 45/72 MP: 12/15
  7566 | D:8      | HP: 3/72 [fire elemental[the fiery vengeance of Ignis]
                  | (13)]
  7567 | D:8      | Mangled by a fire elemental

Illustrated notes

Levels and vault maps discovered:
D:1:      lightli_arrival_farm, layout_basic, minmay_tetromino_i2
D:2:      layout_basic, hellmonk_ecumenical_altar_pennies_from_heaven,
          basic_altar, minmay_split_cup_small
D:3:      layout_rooms, lemuel_crystal_altar
D:4:      layout_gridville
D:5:      layout_loops_ring, nicolae_overflow_hidden_temple,
          minmay_temple_entry_antechambers, minmay_shop_damaged, minivault_27,
          nrook_loot_triangle, minmay_holes, kennysheep_decorative_pillar,
          lightli_church_of_beogh
D:6:      layout_loops_ring, chequers_temple_overflow_minitemple,
          due_unseen_surprise, uniq_blork_the_orc, uniq_menkaure
D:7:      lemuel_ice_spiral_2, layout_basic, serial_park_tiny_2
D:8:      layout_basic, overflow_temple_1_default, serial_shops,
          kennysheep_little_box, uniq_maurice
Temple:   chequers_temple_sunken

Skill      XL: |  1  2  3  4  5  6  7  8 |
---------------+-------------------------+-----
Fire Magic     | 3 |  3.0
Dodging        | 1 2 |  2.0
Spellcasting   | 2 3 4 |  4.0
Fighting       | 4 5 7 |  7.1
Stealth        | 1 2 3 5 |  5.5
Shields        | 1 2 |  2.5
Short Blades   | 2 4 |  4.5
Necromancy     | 1 |  1.1
Maces & Flails | |  2.6

Action                   |  1- 3 |  4- 6 |  7- 9 || total
-------------------------+-------+-------+-------++-------
Melee: Mace              |    68 |     9 |       ||    77
       Dagger            |       |   109 |   125 ||   234
       Tailslap          |       |       |    13 ||    13
 Cast: Scorch            |    22 |    17 |    31 ||    70
Invok: Fiery Armour      |     1 |     1 |       ||     2
       Foxfire Swarm     |     2 |     4 |     1 ||     7
  Use: Scroll            |       |     7 |     2 ||     9
       Potion            |       |     1 |     2 ||     3
 Stab: Sleeping          |       |       |     2 ||     2
Armor: Robe              |     7 |    12 |    26 ||    45
       Skin              |       |    52 |       ||    52
Dodge: Dodged            |    37 |    50 |    56 ||   143
Block: Other             |     7 |       |       ||     7
       Buckler           |     5 |    36 |    63 ||   104

Table legend: (Time is in decaauts)
 A = Elapsed time spent in this place.
 B = Non-inter-level travel time spent in this place.
 C = Inter-level travel time spent in this place.
 D = Time resting spent in this place.
 E = Time spent auto-exploring this place.
 F = Levels seen in this place.
 G = Mean time per level.
                   A        B        C        D        E       F      G
               +--------+--------+--------+--------+--------+-----+--------+
         Total |   7663 |   6980 |    683 |    723 |   5195 |   9 |  851.4 |
       Dungeon |   7419 |   6777 |    642 |    723 |   5000 |   8 |  927.4 |
        Temple |    243 |    203 |     40 |      0 |    195 |   1 |  243.0 |
               +--------+--------+--------+--------+--------+-----+--------+

Top non-repeatable levels by time:
     D:4: 1509 daAuts
     D:6: 1396 daAuts
     D:5: 1314 daAuts
     D:1: 1079 daAuts
     D:2: 905 daAuts
     D:3: 631 daAuts
     D:7: 504 daAuts
  Temple: 243 daAuts
     D:8: 79 daAuts
